 Dungeon Crawl Stone Soup version 0.24.0-37-gcf1ca852f1 (webtiles) character file.

Game seed: 3194086484115252071, levelgen mode: deterministic

307374 Exporg the Peltast (level 20, -4/159 HPs)
             Began as a Demonspawn Fighter on Dec 4, 2019.
             Was the Champion of Okawaru (penitent).
             Slain by a deep elf blademaster
             ... wielding a +0 rapier
             ... created by the fury of Okawaru
              (14 damage)
             ... on level 2 of the Vaults on Dec 6, 2019.
             The game lasted 02:14:28 (47785 turns).

Exporg the Peltast (Demonspawn Fighter)            Turns: 47785, Time: 02:14:29

Health: -4/159     AC: 16    Str: 32    XL:     20   Next: 32%
Magic:  35/35      EV: 16    Int: 17    God:    Okawaru [*]
Gold:   1191       SH: 25    Dex: 17    Spells: 31/37 levels left

rFire    + + .     SeeInvis .   a - +7 sceptre of Torment {pain, torment}
rCold    . . .     Gourm    .   Z - +5 shield of Incorporation {Str+4}
rNeg     . . .     Faith    .   L - +1 storm dragon scales of Esmump {rElec MP+9 Str+6 Int+2}
rPois    +         Spirit   .   W - +0 hat {Int+3}
rElec    +         Reflect  +   I - +2 cloak {MR+}
rCorr    .         Harm     .   (gloves unavailable)
MR       ++...                  (boots unavailable)
Stlth    +.........             d - +4 amulet of reflection
HPRegen  0.36/turn              Y - ring of the Octopus King {rF+ AC+1 EV+1 Str+1 Int+1 Dex+1}
MPRegen  0.24/turn              E - ring of poison resistance

@: no status effects
A: claws 3, horns 2, talons 3, clever 1, deformed body, fire resistance 1, low
mp 2, nightstalker 2, spiny 2, weak 1, MP-powered wands
}: 2/15 runes: serpentine, barnacled
a: Renounce Religion


You were on level 2 of the Vaults.
You worshipped Okawaru.
Okawaru was demanding penance.
You were not hungry.

You visited 8 branches of the dungeon, and saw 35 of its levels.
You visited 1 bazaar.
You also visited: Ice Cave.

You collected 4209 gold pieces.
You spent 3018 gold pieces at shops.

Inventory:

Hand Weapons
 a - the +7 sceptre of Torment (weapon) {pain, torment}
   (Okawaru gifted it to you on level 5 of the Lair of Beasts)

   In the hands of one skilled in necromantic magic, it inflicts extra damage on
   living creatures.
 b - a +9 demon whip of pain
 i - a +2 demon trident of venom
Missiles
 r - 408 bolts
 y - 15 boomerangs of dispersal (quivered)
Armour
 t - the +1 plate armour "Esust" {+Blink rF+ rN+ SInv}
   (You bought it in a shop in a bazaar)

   It protects you from fire.
   It protects you from negative energy.
   It lets you see invisible.
   It lets you blink.
 G - +2 storm dragon scales
 I - a +2 cloak of magic resistance (worn)
 L - the +1 storm dragon scales of Esmump (worn) {rElec MP+9 Str+6 Int+2}
   (Okawaru gifted it to you on level 1 of the Vaults)

   It affects your strength (+6).
   It affects your intelligence (+2).
   It insulates you from electricity.
   It affects your magic capacity (+9).
 U - the +3 pair of gauntlets of War {Slay+5}
   (You found it on level 3 of the Shoals)

   It affects your accuracy and damage with ranged weapons and melee attacks
   (+5).
 W - a +0 hat of intelligence (worn)
 Z - the +5 shield of Incorporation (worn) {Str+4}
   (You found it on level 6 of the Lair of Beasts)

   It affects your strength (+4).
Jewellery
 d - a +4 amulet of reflection (around neck)
 k - an uncursed ring of protection from cold
 s - an uncursed ring of protection from magic
 E - a ring of poison resistance (right claw)
 H - the ring "Ytolee" {Ice rElec Str+3}
   (You acquired it on level 13 of the Dungeon)

   [ring of ice]

   It enhances your ice magic.
   It affects your strength (+3).
   It makes you vulnerable to fire.
   It protects you from cold.
   It insulates you from electricity.
 N - an uncursed ring of resist corrosion
 Y - a ring of the Octopus King (left claw) {rF+ AC+1 EV+1 Str+1 Int+1 Dex+1}
   (You found it on level 6 of the Lair of Beasts)

   [ring of protection from fire]

   It affects your AC (+1).
   It affects your evasion (+1).
   It affects your strength (+1).
   It affects your intelligence (+1).
   It affects your dexterity (+1).
   It protects you from fire.
Wands
 c - a wand of random effects (21)
 p - a wand of disintegration (16)
 w - a wand of iceblast (21)
 B - a wand of flame (35)
 J - a wand of paralysis (39)
 T - a wand of digging (3)
Scrolls
 e - 4 scrolls of fog
 g - 22 scrolls of remove curse
 j - 6 scrolls of identify
 l - 4 scrolls of magic mapping
 m - a scroll of silence
 n - 2 scrolls of enchant weapon
 q - 12 scrolls of teleportation
 u - 6 scrolls of amnesia
 x - a scroll of summoning
 A - 8 scrolls of blinking
 C - 5 scrolls of fear
 M - 4 scrolls of immolation
 X - 4 scrolls of enchant armour
Potions
 h - 2 potions of ambrosia
 o - 5 potions of resistance
 v - 5 potions of heal wounds
 z - a potion of flight
 D - a potion of magic
 F - 5 potions of lignification
 K - a potion of haste
 O - 10 potions of curing
 P - 5 potions of brilliance
 Q - 3 potions of might
 R - 4 potions of cancellation
 S - a potion of agility
 V - a potion of berserk rage
Comestibles
 f - 59 rations


   Skills:
 + Level 14.1 Fighting
 - Level 16.3 Maces & Flails
 - Level 5.1 Polearms
 + Level 13.5 Armour
 + Level 8.4 Dodging
 - Level 1.5 Stealth
 + Level 16.5 Shields
 * Level 9.2 Spellcasting
 * Level 5.8 Charms
 + Level 7.0 Summonings
 - Level 12.0 Invocations
 + Level 0.2 Evocations


You had 31 spell levels left.
You knew the following spells:

 Your Spells              Type           Power        Failure   Level  Hunger
a - Call Canine Familiar  Summ           ####....     4%          3    None
b - Infusion              Chrm           ####         2%          1    None
c - Song of Slaying       Chrm           ####....     4%          2    None

Your spell library contained the following spells:

 Spells                   Type           Power        Failure   Level  Hunger
 Summon Butterflies       Summ           ####....     1%          1    None
 Summon Small Mammal      Summ           ####         1%          1    None
 Call Imp                 Summ           ####....     2%          2    None
 Shroud of Golubria       Chrm/Tloc      ###...       13%         2    None
 Summon Guardian Golem    Hex/Summ       ###.....     21%         3    None
 Regeneration             Chrm/Necr      ###.......   26%         3    None
 Spectral Weapon          Hex/Chrm       ###.....     26%         3    None
 Beastly Appendage        Tmut           #.....       30%         1    None
 Confusing Touch          Hex            #.....       30%         1    None
 Sandblast                Erth           #.....       30%         1    None
 Blink                    Tloc           N/A          41%         2    None
 Passwall                 Tmut/Erth      #.......     41%         2    None
 Sticks to Snakes         Tmut           #.......     41%         2    None
 Summon Ice Beast         Ice/Summ       ###.....     56%         4    ###....
 Summon Lightning Spire   Summ/Air       ###.....     56%         4    ###....
 Confuse                  Hex            #.......     65%         3    None
 Gell's Gravitas          Tloc           #.........   65%         3    None
 Lesser Beckoning         Tloc           #.........   65%         3    None
 Spider Form              Tmut/Pois      #.........   65%         3    None
 Stone Arrow              Conj/Erth      #.....       65%         3    None
 Teleport Other           Tloc           #.......     65%         3    None
 Summon Mana Viper        Hex/Summ       ###.....     88%         5    #####..
 Ice Form                 Ice/Tmut       #.......     96%         4    ###....
 Passage of Golubria      Tloc           N/A          96%         4    ###....
 Petrify                  Tmut/Erth      #.......     96%         4    ###....
 Blade Hands              Tmut           #.........   100%        5    #####..
 Irradiate                Conj/Tmut      #.........   100%        5    #####..
 Lee's Rapid Deconstruct  Erth           #.........   100%        5    #####..
 Metabolic Englaciation   Hex/Ice        #.........   100%        5    #####..
 Yara's Violent Unravell  Hex/Tmut       #.........   100%        5    #####..
 Hydra Form               Tmut           #.........   100%        6    ######.
 Statue Form              Tmut/Erth      #........    100%        6    ######.
 Dragon Form              Tmut           #.........   100%        7    #######
 Malign Gateway           Summ/Tloc      ###.......   100%        7    #######
 Monstrous Menagerie      Summ           ####......   100%        7    #######
 Summon Greater Demon     Summ           ####......   100%        7    #######
 Summon Hydra             Summ           ####......   100%        7    #######
 Summon Horrible Things   Summ           ####......   100%        8    #######


Dungeon Overview and Level Annotations

Branches:
Dungeon (15/15)            Temple (1/1) D:7            Lair (6/6) D:11
 Shoals (4/4) Lair:4        Snake (4/4) Lair:2        Slime (0/5) Lair:5
    Orc (2/2) D:12            Elf (1/3) Orc:2        Vaults (2/5) D:13
 Depths (0/5) D:15          IceCv (visited)
  Crypt: Vaults:2-3

Altars:
Cheibriados
Dithmenos
Elyvilon
Gozag
Hepliaklqana
Kikubaaqudgha
Okawaru
Qazlal
Ru
Sif Muna
Trog
Vehumet
Xom
Yredelemnul
Zin
The Shining One
Beogh
Jiyva

Shops:
D:5 =   D:10 *   D:12 :   D:13 }   Orc:2 [((:   Shoals:3 %   Vaults:1 :

Annotations:
Lair:1 exclusion: oklob plant
Lair:4 3 runed translucent doors, happy's ghost, journeyman VSAs
Shoals:1 exclusion: obsidian statue
Orc:1 1 runed translucent door, Rachuaq's ghost, adept GnSk


Innate Abilities, Weirdness & Mutations

You have claws for hands.
You have a pair of horns on your head.
You have claws for feet.
Your flesh is heat resistant. (rF+)
You are significantly more attuned to the shadows.
You are mostly covered in sharp spines.
Your mind is acute. (Int +2)
Armour fits poorly on your strangely shaped body.
Your magical capacity is very low. (-20% MP)
You are weak. (Str -2)
You expend magic power (3 MP) to strengthen your wands.


Message History

You block the deep elf blademaster's attack.
Unknown command.
You completely miss the deep elf blademaster.
Your kick misses the deep elf blademaster.
Your headbutt misses the deep elf blademaster.
The deep elf blademaster is severely wounded.
The deep elf archer blinks!
You block the fire giant's attack.
The deep elf blademaster hits you with a +0 rapier.
* * * LOW HITPOINT WARNING * * *
You block the deep elf blademaster's attack. x2
The deep elf blademaster hits you with a +0 rapier!
* * * LOW HITPOINT WARNING * * *
You completely miss the deep elf blademaster.
You claw the deep elf blademaster!
Your headbutt misses the deep elf blademaster.
The deep elf blademaster is almost dead.
The deep elf blademaster hits you with a +0 rapier!!
* * * LOW HITPOINT WARNING * * *
The deep elf blademaster hits you with a +0 rapier!
You die...

#.#####.#......#....###... ###
###......##....#....
##############.......# #......#
##.....## #......# ##...##
#......# ##### # #......#
############....e.#
#.........##...e@.#
#.........##...§C.#
#.........#######'###############
#.........# #....................
#.........# #....[.e.............
'.........# #........[[.)........
#.........# #.......)[..[..).....
'.........# #.........[.....)...[
#....)....# #...[.#########'#####


You could see 2 deep elf blademasters, a fire giant and a deep elf archer.

Vanquished Creatures
  Bai Suzhen (Shoals:4)
  Nikola (Snake:3)
  Jorgrun (D:13)
  A sphinx (Vaults:1)
  Kirke (Shoals:4)
  A kraken (Shoals:4)
  Gastronok (D:9)
  Donald (Orc:1)
  6 nagarajas
  3 fire giants
  3 deep elf sorcerers (Vaults:2)
  9 vault wardens
  Aizul (Orc:2)
  Louise (D:13)
  A cacodemon (D:13)
  5 very ugly things
  A war gargoyle (D:14)
  A stone giant (Vaults:2)
  6 ironheart preservers
  Nessos (Orc:2)
  3 deep elf annihilators (Vaults:2)
  Azrael (Orc:2)
  2 deep elf demonologists
  A minotaur (Vaults:2)
  The ghost of Gonodgh the Peltast, a journeyman MiFi of Cheibriados (D:13)
  Snorg (Orc:1)
  A deep elf death mage (Vaults:1)
  6 merfolk impalers
  A fire dragon (D:14)
  3 yaktaur captains (Vaults:2)
  A great orb of eyes (Vaults:2)
  Harold (D:13)
  Fannar (Lair:2)
  9 vault guards
  8 hydras
  2 rakshasas (Vaults:2)
  17 naga warriors
  A catoblepas (D:13)
  20 two-headed ogres
  5 merfolk avatars
  Erica (Lair:2)
  8 anacondas
  4 centaur warriors
  2 death knights
  A dancing weapon (Elf:1)
  9 merfolk aquamancers
  2 satyrs
  A deep troll shaman (Vaults:2)
  7 ogre magi
  Urug (D:13)
  6 shock serpents
  A deep troll earth mage (Vaults:2)
  Sonja (Lair:5)
  8 naga sharpshooters
  6 deep elf knights
  Nergalle (Lair:3)
  A fire crab (Lair:6)
  2 wizards
  2 deep trolls (Vaults:2)
  3 unseen horrors
  9 salamander mystics
  17 sea snakes
  A swamp dragon (shapeshifter) (Vaults:2)
  2 glowing orange brains (D:13)
  5 skeletal warriors
  A phantasmal warrior (D:15)
  5 deep elf archers
  6 naga ritualists
  6 ironbrand convokers
  6 mana vipers
  2 wolf spiders
  16 harpies
  9 orc knights
  16 deep elf magi
  23 ugly things
  10 cyclopes
  2 orc sorcerers (D:13)
  12 manticores
  24 salamanders
  17 fauns
  3 ice statues (IceCv)
  5 elephants
  Maurice (D:10)
  3 guardian serpents (Snake:3)
  8 merfolk sirens
  30 black mambas
  10 vault sentinels
  9 water nymphs
  A guardian serpent (shapeshifter) (Vaults:2)
  19 naga magi
  22 spiny frogs
  8 gargoyles (D:14)
  8 komodo dragons
  2 rime drakes
  4 freezing wraiths
  2 yaktaurs
  A harpy zombie (D:15)
  5 trolls
  A meliai (shapeshifter) (D:13)
  37 merfolk
  A troll (shapeshifter) (Vaults:2)
  4 polar bears (Lair:2)
  9 wind drakes
  A queen bee (Lair:2)
  7 hippogriffs
  A raiju (shapeshifter) (Vaults:2)
  3 tyrant leeches (Lair:6)
  3 hornets
  30 blink frogs
  15 slime creatures
  9 dream sheep
  8 snapping turtles
  A shadow (D:10)
  4 wraiths
  5 wyverns
  44 yaks
  6 fire elementals
  23 water elementals
  A vampire (D:7)
  A wyvern (shapeshifter) (Vaults:2)
  3 basilisks
  A human (D:7)
  A neqoxec (D:13)
  5 hogs
  13 vampire mosquitoes
  Menkaure (D:5)
  5 acid dragons
  A soldier ant (shapeshifter) (D:13)
  5 wargs
  A soldier ant (D:10)
  39 nagas
  12 water moccasins
  8 porcupines
  3 hell hounds
  2 sky beasts
  11 ice beasts
  28 orc warriors
  A phantom (D:5)
  A sky beast (shapeshifter) (D:13)
  5 boggarts
  2 necrophages
  An eye of draining (D:10)
  9 black bears
  43 ogres
  32 wolves (Lair:6)
  A wolf (shapeshifter) (D:13)
  21 centaurs
  10 crocodiles
  29 bullfrogs
  A gnoll sergeant (D:8)
  A glowing shapeshifter simulacrum (Vaults:2)
  A water moccasin zombie (D:7)
  2 scorpions
  A water moccasin skeleton (D:7)
  6 jellies
  33 killer bees
  7 electric eels
  A howler monkey (D:12)
  5 crimson imps
  A bullfrog zombie (D:5)
  2 centaur zombies
  A quasit (D:10)
  8 hounds
  25 orc priests
  30 orc wizards
  2 bullfrog skeletons
  4 centaur skeletons
  A gnoll shaman (D:3)
  Crazy Yiuf (D:7)
  Terence (D:2)
  Jessica (D:2)
  2 iguanas (D:13)
  12 worker ants
  A killer bee zombie (D:6)
  2 hound skeletons
  2 hound zombies
  A worker ant zombie (D:10)
  10 gnolls
  13 adders
  2 shadow imps
  An ooze (D:3)
  2 adder zombies
  3 adder skeletons
  4 worms
  6 leopard geckos
  101 orcs
  4 bats
  8 giant cockroaches
  5 goblins
  6 hobgoblins
  19 jackals
  3 quokkas
  A ball python (D:3)
  6 frilled lizards
  A jackal zombie (D:6)
  14 kobolds
  A leopard gecko skeleton (D:4)
  A quokka zombie (D:5)
  9 rats
  2 plants (Snake:1)
  A tentacle (Shoals:4)
1414 creatures vanquished.

Vanquished Creatures (others)
  A nagaraja (Snake:4)
  2 yaktaur captains
  5 naga sharpshooters
  2 deep elf knights
  2 deep elf archers (Elf:1)
  A deep elf mage (Elf:1)
  A cyclops (D:10)
  A yaktaur (Vaults:2)
  An air elemental (Elf:1)
  3 humans (Shoals:4)
  A naga (Snake:4)
  An orc warrior (D:13)
  3 boggarts
  2 centaurs
  17 fungi (Lair:6)
  40 plants
  5 tentacles (Shoals:4)
88 creatures vanquished.

Grand Total: 1502 creatures vanquished

Notes
Turn   | Place    | Note
-------+----------+-------------------------------------------
     0 | D:1      | Exporg the Demonspawn Fighter began the quest for the Orb.
     0 | D:1      | Reached XP level 1. HP: 18/18 MP: 1/1
   200 | D:1      | Gained mutation: You have sharp toenails. [demonic
                  | ancestry]
   200 | D:1      | Reached XP level 2. HP: 24/24 MP: 2/2
  1019 | D:1      | Gained mutation: You have razor-sharp toenails. [demonic
                  | ancestry]
  1019 | D:1      | Reached XP level 3. HP: 22/29 MP: 3/3
  1194 | D:2      | Noticed Jessica
  1205 | D:2      | Killed Jessica
  1350 | D:2      | Noticed Terence
  1356 | D:2      | Killed Terence
  1356 | D:2      | Gained mutation: You have sharp fingernails. [demonic
                  | ancestry]
  1356 | D:2      | Reached XP level 4. HP: 30/35 MP: 4/4
  1818 | D:3      | Gained mutation: You have claws for feet. [demonic
                  | ancestry]
  1818 | D:3      | Reached XP level 5. HP: 32/41 MP: 5/5
  2333 | D:4      | Reached XP level 6. HP: 40/48 MP: 6/6
  3239 | D:4      | Found a shadowy altar of Dithmenos.
  3431 | D:4      | Reached skill level 1 in Dodging
  3477 | D:4      | Reached XP level 7. HP: 36/53 MP: 7/7
  3778 | D:5      | Entered Level 5 of the Dungeon
  3850 | D:5      | Reached skill level 1 in Stealth
  3907 | D:5      | Reached skill level 5 in Maces & Flails
  3926 | D:5      | Found a shimmering blue altar of Sif Muna.
  4227 | D:5      | Noticed Menkaure
  4390 | D:5      | Killed Menkaure
  4595 | D:5      | Reached skill level 5 in Armour
  4595 | D:5      | Reached XP level 8. HP: 33/61 MP: 8/8
  4823 | D:5      | Found Joithra's Jewellery Shop.
  5595 | D:6      | Reached skill level 5 in Shields
  5922 | D:6      | Got a transparent mace
  5923 | D:6      | Identified the +5 mace of Eclots {vamp, Fragile rF+ rN+
                  | SInv} (You found it on level 6 of the Dungeon)
  6175 | D:6      | Gained mutation: You have a pair of small horns on your
                  | head. [demonic ancestry]
  6175 | D:6      | Reached XP level 9. HP: 34/66 MP: 9/9
  6556 | D:7      | Found a stormy altar of Qazlal.
  6556 | D:7      | Found a snail-covered altar of Cheibriados.
  6556 | D:7      | Found a bloodstained altar of Trog.
  6556 | D:7      | Found a basalt altar of Yredelemnul.
  6559 | D:7      | Found a staircase to the Ecumenical Temple.
  6604 | Temple   | Entered the Ecumenical Temple
  6673 | Temple   | Became a worshipper of Warmaster Okawaru
  6935 | D:7      | Found a shadowy altar of Dithmenos.
  7026 | D:7      | Found a shimmering altar of Xom.
  7058 | D:7      | Reached * piety under Okawaru
  7058 | D:7      | Reached skill level 5 in Fighting
  7373 | D:7      | Noticed a troll
  7388 | D:7      | Killed a troll
  7740 | D:7      | Reached ** piety under Okawaru
  7749 | D:7      | Reached XP level 10. HP: 60/76 MP: 10/10
  7919 | D:7      | Found a runed translucent door.
  7920 | D:7      | Noticed Crazy Yiuf
  7929 | D:7      | Killed Crazy Yiuf
  8903 | D:8      | Reached *** piety under Okawaru
  9042 | D:8      | Got a polished quarterstaff
  9044 | D:8      | Identified the +1 quarterstaff of the Enchanted Forest
                  | {antimagic, rN+ Int+4 Dex+5} (You found it on level 8 of
                  | the Dungeon)
  9155 | D:9      | Noticed Gastronok
  9172 | D:9      | Killed Gastronok
  9172 | D:9      | Reached **** piety under Okawaru
  9480 | D:9      | Noticed a five-headed hydra
  9493 | D:9      | HP: 3/77 [five-headed hydra (9)]
  9498 | D:9      | Killed a five-headed hydra
  9498 | D:9      | Received a gift from Okawaru
  9498 | D:9      | Reached skill level 10 in Maces & Flails
  9911 | D:9      | Reached XP level 11. HP: 83/83 MP: 11/11
 10163 | D:10     | Entered Level 10 of the Dungeon
 10310 | D:10     | Reached skill level 1 in Invocations
 10385 | D:10     | Found a stormy altar of Qazlal.
 10422 | D:10     | Noticed a centaur warrior
 10427 | D:10     | Killed a centaur warrior
 10435 | D:10     | Reached ***** piety under Okawaru
 10578 | D:10     | Noticed Maurice
 10580 | D:10     | Paralysed by Maurice for 2 turns
 10586 | D:10     | Paralysed by Maurice for 7 turns
 10597 | D:10     | Paralysed by Maurice for 7 turns
 10605 | D:10     | Killed Maurice
 10767 | D:10     | Found Xuoma's Assorted Antiques.
 10808 | D:10     | Noticed an unseen horror
 11069 | D:10     | Noticed a two-headed ogre
 11079 | D:10     | Killed a two-headed ogre
 11107 | D:10     | Reached skill level 5 in Invocations
 11508 | D:10     | Received a gift from Okawaru
 11695 | D:11     | Noticed a brown ugly thing
 11715 | D:11     | Killed a brown ugly thing
 11997 | D:11     | Reached XP level 12. HP: 84/91 MP: 16/16
 12328 | D:11     | Found a staircase to the Lair.
 12644 | D:12     | Found Seuker's Book Emporium.
 12645 | D:12     | Noticed a four-headed hydra
 12677 | D:11     | Killed a four-headed hydra
 12677 | D:11     | Reached ****** piety under Okawaru
 13180 | D:12     | Noticed a centaur warrior
 13206 | D:12     | Killed a centaur warrior
 13359 | D:12     | Found a staircase to the Orcish Mines.
 13521 | Lair:1   | Entered Level 1 of the Lair of Beasts
 13697 | Lair:1   | Received a gift from Okawaru
 13736 | Lair:1   | Noticed a six-headed hydra
 13744 | Lair:1   | Killed a six-headed hydra
 14229 | Lair:2   | Noticed Fannar
 14267 | Lair:2   | Killed Fannar
 14436 | Lair:2   | Found a staircase to the Snake Pit.
 14445 | Lair:2   | Noticed Erica
 14456 | Lair:2   | Killed Erica
 14531 | Lair:2   | Noticed an eight-headed hydra
 14540 | Lair:2   | Killed an eight-headed hydra
 15109 | Lair:2   | Gained mutation: You are partially covered in sharp spines.
                  | [demonic ancestry]
 15109 | Lair:2   | Reached XP level 13. HP: 99/99 MP: 19/19
 15553 | Lair:2   | Reached skill level 10 in Shields
 15673 | Lair:3   | Noticed Nergalle
 15689 | Lair:3   | Killed Nergalle
 16553 | Lair:4   | Received a gift from Okawaru
 16559 | Lair:4   | Got a faintly glowing mace {god gift}
 16560 | Lair:4   | Identified the +10 mace of Valour {drain, MR+} (Okawaru
                  | gifted it to you on level 4 of the Lair of Beasts)
 16576 | Lair:4   | Found a staircase to the Shoals.
 16677 | Lair:4   | Reached skill level 10 in Invocations
 16703 | Lair:4   | Found a runed translucent gate.
 16703 | Lair:4   | Found a runed translucent gate.
 16703 | Lair:4   | Found a runed translucent gate.
 16946 | Lair:4   | Noticed happy's ghost (journeyman VSAs)
 17752 | Lair:5   | Noticed Sonja
 17764 | Lair:5   | Killed Sonja
 17764 | Lair:5   | Reached skill level 10 in Armour
 17774 | Lair:5   | Found a viscous altar of Jiyva.
 17774 | Lair:5   | Found a staircase to the Slime Pits.
 17936 | Lair:5   | Received a gift from Okawaru
 17937 | Lair:5   | Found the +7 sceptre of Torment {pain, torment}
 18321 | Lair:6   | Entered Level 6 of the Lair of Beasts
 18331 | Lair:6   | Found a frozen archway.
 18355 | IceCv    | Entered an ice cave
 19270 | IceCv    | Got pitted ice dragon scales
 19305 | IceCv    | Identified the +1 ice dragon scales of Surprise {rF- rC++
                  | rCorr Slay+3 Stlth-} (You found it in an ice cave)
 19361 | Lair:6   | Gained mutation: You have very sharp fingernails. [demonic
                  | ancestry]
 19361 | Lair:6   | Reached XP level 14. HP: 101/108 MP: 22/22
 19376 | Lair:6   | Received a gift from Okawaru
 20153 | Lair:5   | Received a gift from Okawaru
 20913 | Lair:6   | Reached skill level 10 in Fighting
 21340 | Lair:6   | Found the ring of the Octopus King
 21359 | Lair:6   | Got a ring of the Octopus King
 21362 | Lair:6   | Got a slimy shield
 21376 | Lair:6   | Identified the +5 shield of Incorporation {Str+4} (You
                  | found it on level 6 of the Lair of Beasts)
 21380 | Lair:6   | Identified a ring of the Octopus King {rF+ AC+1 EV+1 Str+1
                  | Int+1 Dex+1} (You found it on level 6 of the Lair of
                  | Beasts)
 21656 | D:13     | Noticed Harold
 21656 | D:13     | Noticed Urug
 21667 | D:13     | Killed Urug
 21669 | D:13     | Noticed Louise
 21674 | D:13     | Killed Harold
 21863 | D:13     | Reached skill level 5 in Dodging
 21874 | D:13     | Killed Louise
 22133 | D:13     | Noticed Jorgrun
 22141 | D:13     | Killed Jorgrun
 22454 | D:13     | Received a gift from Okawaru
 22613 | D:13     | Gained mutation: You are slightly more attuned to the
                  | shadows. [demonic ancestry]
 22613 | D:13     | Reached XP level 15. HP: 115/115 MP: 24/24
 22623 | D:13     | Found a gate to the Vaults.
 22998 | D:13     | Found Uxukkyqi's Gadget Emporium.
 23026 | D:13     | Found a runed translucent gate.
 23026 | D:13     | Found a runed translucent gate.
 23027 | D:13     | Found a runed translucent gate.
 23583 | D:13     | Found a runed translucent gate.
 23583 | D:13     | Found a runed translucent gate.
 23598 | D:13     | Found a runed translucent gate.
 23618 | D:13     | Noticed Gonodgh's ghost (journeyman MiFi)
 23633 | D:13     | Gained mutation: Your magical capacity is low. (-10% MP) [a
                  | neqoxec]
 23639 | D:13     | Killed Gonodgh's ghost
 23845 | D:13     | Gained mutation: You are frail. (-10% HP) [mutagenic glow]
 23873 | D:13     | Gained mutation: You are dopey. (Int -2) [mutagenic glow]
 23888 | D:13     | Identified a scroll of acquirement
 23891 | D:13     | Got a faintly glowing jade ring
 23970 | D:13     | Gained mutation: Your body sometimes deteriorates upon
                  | taking damage. [mutagenic glow]
 24030 | D:13     | Identified the ring "Ytolee" {Ice rElec Str+3} (You
                  | acquired it on level 13 of the Dungeon)
 24308 | D:14     | You fall into a shaft and drop 1 floor!
 24308 | D:15     | Entered Level 15 of the Dungeon
 24334 | D:14     | Received a gift from Okawaru
 25326 | D:15     | Found an opulent altar of Gozag.
 25755 | D:15     | Found a basalt altar of Yredelemnul.
 25850 | D:15     | Found a staircase to the Depths.
 25850 | D:15     | Noticed a fire giant
 25907 | D:15     | Killed a fire giant
 26220 | Orc:1    | Entered Level 1 of the Orcish Mines
 26436 | Orc:2    | Entered Level 2 of the Orcish Mines
 26443 | Orc:2    | Found a roughly hewn altar of Beogh.
 26452 | Orc:2    | Noticed Nessos
 26455 | Orc:2    | Noticed Azrael
 26632 | Orc:2    | Killed Nessos
 26649 | Orc:1    | Gained mutation: You have a pair of horns on your head.
                  | [demonic ancestry]
 26649 | Orc:1    | Reached XP level 16. HP: 54/112 MP: 22/22
 26652 | Orc:1    | Lost mutation: You are dopey. (Int -2) [potion of mutation]
 26652 | Orc:1    | Lost mutation: Your body sometimes deteriorates upon taking
                  | damage. [potion of mutation]
 26652 | Orc:1    | Lost mutation: You are frail. (-10% HP) [potion of
                  | mutation]
 26652 | Orc:1    | Lost mutation: Your magical capacity is low. (-10% MP)
                  | [potion of mutation]
 26652 | Orc:1    | Gained mutation: Your muscles are strong. (Str +2) [potion
                  | of mutation]
 26652 | Orc:1    | Gained mutation: You possess an exceptional clarity of
                  | mind. [potion of mutation]
 26892 | Orc:2    | Noticed Donald
 26949 | Orc:1    | Killed Donald
 27077 | Orc:2    | Killed Azrael
 27077 | Orc:2    | Received a gift from Okawaru
 27084 | Orc:2    | Got a translucent demon trident {god gift}
 27404 | Orc:2    | Reached skill level 15 in Maces & Flails
 27581 | Orc:2    | Found Xiny's Antique Armour Emporium.
 27581 | Orc:2    | Found Iginef's Antique Weapon Shop.
 27582 | Orc:2    | Found Bot Renk's Antique Weapon Shop.
 27582 | Orc:2    | Found Ylla's Book Shoppe.
 27688 | Orc:2    | Found a staircase to the Elven Halls.
 27901 | Orc:2    | Reached skill level 1 in Polearms
 27910 | Orc:1    | Received a gift from Okawaru
 28083 | Orc:1    | Found a roughly hewn altar of Beogh.
 28088 | Orc:1    | Noticed Snorg
 28095 | Orc:1    | Killed Snorg
 28096 | Orc:1    | Found a runed translucent door.
 28190 | Orc:1    | Noticed Rachuaq's ghost (adept GnSk)
 28371 | Snake:1  | Entered Level 1 of the Snake Pit
 28775 | Snake:1  | Found a flickering gateway to a bazaar.
 28800 | Bazaar   | Entered a bazaar
 28804 | Bazaar   | Found Lexuoc's Jewellery Boutique.
 28827 | Bazaar   | Found Taehen's Antique Armour Shoppe.
 28849 | Bazaar   | Found Xynes's Book Boutique.
 28867 | Bazaar   | Found Yhum's Antique Weapon Emporium.
 28913 | Bazaar   | Bought a shimmering plate armour for 868 gold pieces
 28927 | Bazaar   | Identified the +1 plate armour "Esust" {+Blink rF+ rN+
                  | SInv} (You bought it in a shop in a bazaar)
 28962 | Bazaar   | Identified the +0 demon trident "Peos" {drain, Str+2 Int+3}
                  | (Okawaru gifted it to you on level 2 of the Orcish Mines)
 28979 | Bazaar   | Bought a Grand Grimoire for 1435 gold pieces
 28979 | Bazaar   | Bought a book of Beasts for 715 gold pieces
 28983 | Bazaar   | Learned a level 3 spell: Call Canine Familiar
 29079 | Snake:1  | Got a pair of brightly glowing gloves
 29090 | Snake:1  | Identified the cursed +0 pair of gloves of the Furies {rC+
                  | Str+3} (You found it on level 1 of the Snake Pit)
 29443 | Snake:2  | Received a gift from Okawaru
 29449 | Snake:2  | Got a pitted spear {god gift}
 29482 | Snake:2  | Identified the +0 spear of Nioxoohi {venom, rF- rC+ SInv}
                  | (Okawaru gifted it to you on level 2 of the Snake Pit)
 29896 | Snake:2  | Reached skill level 1 in Spellcasting
 30434 | Snake:2  | Reached skill level 1 in Summonings
 30588 | Snake:3  | Received a gift from Okawaru
 30649 | Snake:3  | Gained mutation: You have claws for hands. [demonic
                  | ancestry]
 30649 | Snake:3  | Reached XP level 17. HP: 71/133 MP: 26/26
 31546 | Snake:3  | Noticed Nikola
 31559 | Snake:3  | Killed Nikola
 32049 | Snake:4  | Entered Level 4 of the Snake Pit
 32247 | Snake:4  | Received a gift from Okawaru
 32633 | Snake:4  | Received a gift from Okawaru
 33375 | Snake:4  | Received a gift from Okawaru
 33375 | Snake:4  | Reached skill level 5 in Summonings
 33390 | Snake:4  | Got a polished morningstar {god gift}
 33567 | Snake:4  | Identified the +4 morningstar of Inflation {vamp, *Corrode
                  | rN+ Dex+8} (Okawaru gifted it to you on level 4 of the
                  | Snake Pit)
 33657 | Snake:4  | Reached skill level 5 in Spellcasting
 33721 | Snake:4  | Got a serpentine rune of Zot
 34582 | Elf:1    | Entered Level 1 of the Elven Halls
 34587 | Elf:1    | Noticed Aizul
 34606 | Orc:2    | Killed Aizul
 34606 | Orc:2    | Gained mutation: You are significantly more attuned to the
                  | shadows. [demonic ancestry]
 34606 | Orc:2    | Reached XP level 18. HP: 47/141 MP: 27/27
 34986 | Elf:1    | Received a gift from Okawaru
 35178 | Elf:1    | Identified the +1 leather armour "Put-Me-On" {MP+9}
 35214 | Elf:1    | Received a gift from Okawaru
 35691 | Shoals:1 | Entered Level 1 of the Shoals
 36722 | Shoals:2 | Received a gift from Okawaru
 36747 | Shoals:2 | Got an ancient flail {god gift}
 36864 | Shoals:2 | Identified the +9 flail "Zameenle" {crush, rC+++} (Okawaru
                  | gifted it to you on level 2 of the Shoals)
 37782 | Shoals:2 | Learned a level 1 spell: Infusion
 37785 | Shoals:2 | Learned a level 2 spell: Song of Slaying
 38337 | Shoals:3 | Reached skill level 1 in Charms
 38362 | Shoals:3 | Reached skill level 15 in Shields
 38613 | Shoals:3 | Found Teef's Food Shop.
 38761 | Shoals:3 | Lost mutation: You possess an exceptional clarity of mind.
                  | [potion of mutation]
 38761 | Shoals:3 | Lost mutation: Your muscles are strong. (Str +2) [potion of
                  | mutation]
 38761 | Shoals:3 | Gained mutation: You are agile. (Dex +2) [potion of
                  | mutation]
 38761 | Shoals:3 | Gained mutation: You expend magic power (3 MP) to
                  | strengthen your wands. [potion of mutation]
 38761 | Shoals:3 | Gained mutation: Your system is resistant to poisons.
                  | (rPois) [potion of mutation]
 38761 | Shoals:3 | Gained mutation: You have a pair of large horns on your
                  | head. [potion of mutation]
 38762 | Shoals:3 | Lost mutation: Your system is resistant to poisons. (rPois)
                  | [potion of mutation]
 38762 | Shoals:3 | Lost mutation: You expend magic power (3 MP) to strengthen
                  | your wands. [potion of mutation]
 38762 | Shoals:3 | Lost mutation: You are agile. (Dex +2) [potion of mutation]
 38762 | Shoals:3 | Gained mutation: Your body sometimes deteriorates upon
                  | taking damage. [potion of mutation]
 38762 | Shoals:3 | Gained mutation: Your mind is acute. (Int +2) [potion of
                  | mutation]
 38763 | Shoals:3 | Lost mutation: Your body sometimes deteriorates upon taking
                  | damage. [potion of mutation]
 38763 | Shoals:3 | Lost mutation: Your mind is acute. (Int +2) [potion of
                  | mutation]
 38763 | Shoals:3 | Gained mutation: Your magical capacity is low. (-10% MP)
                  | [potion of mutation]
 38763 | Shoals:3 | Gained mutation: You are robust. (+10% HP) [potion of
                  | mutation]
 38763 | Shoals:3 | Gained mutation: Your muscles are strong. (Str +2) [potion
                  | of mutation]
 38763 | Shoals:3 | Gained mutation: Your muscles are very strong. (Str +4)
                  | [potion of mutation]
 38810 | Shoals:3 | Lost mutation: Your muscles are very strong. (Str +4)
                  | [potion of mutation]
 38810 | Shoals:3 | Lost mutation: Your muscles are strong. (Str +2) [potion of
                  | mutation]
 38810 | Shoals:3 | Gained mutation: You are resistant to hostile enchantments.
                  | (MR+) [potion of mutation]
 38992 | Shoals:3 | Found the +3 pair of gauntlets of War {Slay+5}
 39113 | Shoals:3 | Received a gift from Okawaru
 39261 | Shoals:4 | Entered Level 4 of the Shoals
 40099 | Shoals:4 | Received a gift from Okawaru
 40167 | Shoals:4 | Noticed Kirke
 40178 | Shoals:4 | Killed Kirke
 40228 | Shoals:4 | Noticed Bai Suzhen
 40259 | Shoals:4 | Killed Bai Suzhen
 40259 | Shoals:4 | Gained mutation: You are mostly covered in sharp spines.
                  | [demonic ancestry]
 40259 | Shoals:4 | Reached XP level 19. HP: 49/162 MP: 19/26
 41405 | Shoals:4 | Got a barnacled rune of Zot
 41737 | Vaults:1 | Entered Level 1 of the Vaults
 41766 | Vaults:1 | Received a gift from Okawaru
 41790 | Vaults:1 | Got encrusted storm dragon scales {god gift}
 41796 | Vaults:1 | Identified the +1 storm dragon scales of Esmump {rElec MP+9
                  | Str+6 Int+2} (Okawaru gifted it to you on level 1 of the
                  | Vaults)
 42128 | Vaults:1 | Found Ziteopri's Book Emporium.
 42548 | Vaults:1 | Reached skill level 5 in Polearms
 43465 | Vaults:2 | Received a gift from Okawaru
 43478 | Vaults:2 | Gained mutation: Your body sometimes deteriorates upon
                  | taking damage. [a neqoxec]
 43479 | Vaults:2 | Gained mutation: Your magical capacity is very low. (-20%
                  | MP) [a neqoxec]
 43971 | Vaults:2 | Lost mutation: You are robust. (+10% HP) [potion of
                  | mutation]
 43971 | Vaults:2 | Lost mutation: You are resistant to hostile enchantments.
                  | (MR+) [potion of mutation]
 43971 | Vaults:2 | Lost mutation: You have a pair of large horns on your head.
                  | [potion of mutation]
 43971 | Vaults:2 | Lost mutation: Your body sometimes deteriorates upon taking
                  | damage. [potion of mutation]
 43971 | Vaults:2 | Gained mutation: Your body sometimes deteriorates upon
                  | taking damage. [potion of mutation]
 43971 | Vaults:2 | Gained mutation: You are weak. (Str -2) [potion of
                  | mutation]
 43971 | Vaults:2 | Gained mutation: Armour fits poorly on your strangely
                  | shaped body. [potion of mutation]
 43971 | Vaults:2 | Gained mutation: You possess an exceptional clarity of
                  | mind. [potion of mutation]
 44004 | Vaults:2 | Got a twisted robe {god gift}
 44015 | Vaults:2 | Identified the +2 robe "Carphim" {rC+ rN++ rCorr Dex-2}
                  | (Okawaru gifted it to you on level 2 of the Vaults)
 44363 | Shoals:4 | Lost mutation: Your body sometimes deteriorates upon taking
                  | damage. [potion of mutation]
 44363 | Shoals:4 | Lost mutation: You possess an exceptional clarity of mind.
                  | [potion of mutation]
 44363 | Shoals:4 | Gained mutation: You expend magic power (3 MP) to
                  | strengthen your wands. [potion of mutation]
 44363 | Shoals:4 | Gained mutation: Your mind is acute. (Int +2) [potion of
                  | mutation]
 44662 | Vaults:2 | Reached skill level 5 in Charms
 44961 | Vaults:2 | Gained mutation: Your flesh is heat resistant. (rF+)
                  | [demonic ancestry]
 44961 | Vaults:2 | Reached XP level 20. HP: 122/158 MP: 26/26
 45822 | Vaults:2 | Was placed under penance by Okawaru
 46272 | Vaults:2 | Was forgiven by Okawaru
 46532 | Vaults:2 | Was placed under penance by Okawaru
 47785 | Vaults:2 | Slain by a deep elf blademaster

Levels and vault maps discovered:
D:1:      wander_arrival_lonely_grave, layout_loops_ring,
          lexackson_kobold_supper
D:2:      layout_basic, first_ration, uniq_jessica, uniq_terence
D:3:      layout_rooms, nicolae_overflow_hidden_temple, bh_chokoban
D:4:      layout_basic, nicolae_overflow_crystal_walls
D:5:      layout_rooms, led_sif_pool, kennysheep_windowed_goal, uniq_menkaure
D:6:      layout_basic, hangedman_decor_opposing
D:7:      minmay_blocky_corners, layout_loops_ring, lemuel_doored_altar,
          chequers_temple_overflow_statue_of_worship, temple_pool_b,
          basic_altar, grunt_livestock, uniq_crazy_yiuf_cottage
D:8:      layout_loops_corners, special_room [special_room_orc]
D:9:      layout_irregular_city, uniq_gastronok
D:10:     hangedman_cross_cluster, layout_stronghold, serial_shops, shop,
          minmay_holes, uniq_maurice
D:11:     layout_irregular_city, david_lair_shrubbed
D:12:     layout_cave_pools, david_orc_1_choice, serial_shops, shop
D:13:     layout_roguey, grunt_vaults_entry_fortified, serial_shops, shop,
          ploomutoo_gammafunk_ghost_potion_laboratory, roderic_serpentine_path,
          sword_in_stone, uniq_jorgrun
D:14:     gargoyle_guard, layout_loops_ring
D:15:     grunt_enter_depths_giant_problem, layout_irregular_city, basic_altar,
          minmay_misc_feat_encased, yredelemnul_altar_generic
Temple:   eino_temple_water
Lair:1:   layout_big_grid, serial_bayou_crossing, minmay_lair_oklob_chamber,
          uniq_urug
Lair:2:   beast_lair_carwin_large_3, layout_long_grid,
          guppyfry_snake_entry_garden, special_room [special_room_bee],
          nicolae_quartered_pool_super, columned_hall_lemuel, minivault_23,
          uniq_fannar, uniq_erica
Lair:3:   layout_cave_pods, uniq_nergalle
Lair:4:   layout_regular_city, minmay_shoals_entry_centaurs,
          gammafunk_ghost_necromancy
Lair:5:   layout_gridlike, slime_altar_1, infiniplex_staircase_pool, uniq_sonja
Lair:6:   minmay_lair_end_frog_pond, layout_regular_city,
          portal_ice_cave_entry_pillars_2, grunt_forest_large_clearings
Shoals:1: layout_shoals, dpeg_stationary_puzzle
Shoals:2: layout_shoals, uniq_louise
Shoals:3: layout_shoals, serial_shops, shop
Shoals:4: shoals_end_hangedman, layout_shoals, uniq_kirke, uniq_bai_suzhen
Snake:1:  layout_rooms, serial_shops, bzr_entry_water, serial_bayou_lagoon_a,
          serial_bayou_shore_b
Snake:2:  layout_chambers, drop_trap
Snake:3:  layout_misc_corridors, uniq_nikola
Snake:4:  snake_pit, layout_cave_town, hangedman_snake_wide_pillar_pass
Orc:1:    lemuel_ogre_cave, layout_caves, ebering_ghost_reflecting_pool,
          mines2_david, uniq_snorg
Orc:2:    st_orc_ogre_mass, layout_caves, basic_altar, uniq_azrael, uniq_donald,
          uniq_nessos
Elf:1:    eino_elf_arrival_sip, layout_loops_ring, minmay_elf_annihilation,
          minivault_14, laboratory, uniq_aizul
Vaults:1: nicolae_vaults_theta, hangedman_vaults_trim,
          nicolae_vaults_shelves_hall, ontoclasm_vaults_pinch,
          vaults_standard_mumra_x, vaults_dpeg_diagonal, ontoclasm_vaults_idyll,
          ontoclasm_vaults_hangar, ontoclasm_vaults_twist,
          layout_vaults_omnigrid, serial_shops, nicolae_shop_crystal
Vaults:2: dpeg_vaults_pockets_of_resistance, dpeg_vaults_monster_row,
          ontoclasm_vaults_spin, hangedman_vaults_maws,
          hangedman_vaults_capsules, vaults_room_fancy_cross, v_misc_13,
          nicolae_vaults_little_squares_5, nicolae_vaults_border_crossing,
          vaults_mumra_hexcomb, vaults_dpeg_encased_lava, layout_vaults_ring

Skill      XL: |  1  2  3  4  5  6  7  8  9 10 11 12 13 14 15 16 17 18 19 20 |
---------------+-------------------------------------------------------------+-----
Maces & Flails | 2 3 4 5 6 8 10 11 12 13 14 15 16 | 16.3
Armour         | 3 4 5 7 8 9 10 11 12 13 | 13.5
Shields        | 3 4 5 6 7 8 9 10 11 12 13 14 15 16 | 16.5
Dodging        | 1 2 3 4 5 7 8 |  8.4
Fighting       | 4 5 6 7 8 9 10 11 12 13 14 | 14.1
Stealth        | 1 |  1.5
Invocations    | 6 9 11 12 | 12.0
Polearms       | 2 3 5 |  5.1
Spellcasting   | 3 5 7 8 9 |  9.2
Summonings     | 2 5 6 7 |  7.0
Charms         | 2 5 |  5.8
Evocations     | |  0.2

Action                   |  1- 3 |  4- 6 |  7- 9 | 10-12 | 13-15 | 16-18 | 19-21 || total
-------------------------+-------+-------+-------+-------+-------+-------+-------++-------
Melee: Flail             |    93 |   198 |   184 |       |       |       |       ||   475
       Kick              |    16 |    52 |   112 |   289 |   432 |   580 |   290 ||  1771
       Mace              |       |       |   166 |   833 |   362 |       |       ||  1361
       Headbutt          |       |       |    27 |   180 |   271 |   336 |   189 ||  1003
       Eveningstar       |       |       |       |       |   792 |   826 |   368 ||  1986
       Demon whip        |       |       |       |       |       |   518 |   257 ||   775
 Cast: Call Canine Famil |       |       |       |       |       |    12 |    16 ||    28
       Song of Slaying   |       |       |       |       |       |       |     2 ||     2
Invok: Heroism           |       |       |       |       |       |     4 |     4 ||     8
       Finesse           |       |       |       |       |       |     3 |     2 ||     5
Evoke: Wand              |       |       |       |       |     5 |     3 |       ||     8
  Use: Potion            |       |       |     8 |     2 |     4 |     5 |     2 ||    21
       Scroll            |       |       |     3 |     5 |    17 |    17 |     5 ||    47
 Stab: Paralysed         |       |       |       |       |     3 |       |       ||     3
       Held in net/web   |       |       |       |       |     2 |       |       ||     2
       Distracted        |       |       |       |       |       |     4 |     2 ||     6
  Eat: Chunk             |     2 |     7 |     9 |    19 |    19 |    17 |     7 ||    80
       Ration            |       |       |     1 |     2 |     6 |     8 |     5 ||    22
Armor: Scale mail        |    43 |    72 |    54 |       |       |       |       ||   169
       Chain mail        |       |       |    72 |    90 |       |       |       ||   162
       Plate armour      |       |       |       |   186 |       |       |       ||   186
       Storm dragon scal |       |       |       |    61 |   372 |   216 |    86 ||   735
Dodge: Dodged            |    22 |    53 |    84 |   150 |   297 |   293 |   133 ||  1032
       Deflected         |       |       |     2 |       |       |       |       ||     2
Block: Shield            |    33 |    81 |   170 |   571 |  1059 |  1102 |   526 ||  3542
       Reflection        |       |       |       |    22 |    41 |   139 |    32 ||   234
